cohdb
Replays
Latest Replays
All Replays
Popular Replays
Top Player Replays
Match Explorer
How It Works
Community
CoH3 Stats
Reddit
Sign in to upload your games and track your stats! →
Sign in with Steam
Match 36544798
Unlisted
Match 36544798
Overview
Messages
Build Orders
End
Royal Engineer Section
Construct Section Command Post
Selects Heavy Armor Battlegroup
Infantry Section
Dingo Light Scout Car
Construct Field Infirmary
Selects Engineer Detachments
Royal Engineer Section
Royal Engineer Section
Construct Platoon Command Post
Infantry Training
Selects Light Vehicle Withdraw and Refit
Light Vehicle Withdraw and Refit
Vickers Machine Gun Team
6-pounder Anti-tank Gun Team
Grenade Package
Infantry Section
Construct Company Command Post
Selects Crusader AA Medium Tank
Foot Guards Section
stevomcmuffinman
Calosius
0
0
Comments
sign in to comment!
No comments posted yet!